 Dungeon Crawl Stone Soup version 0.24-a0-500-g46574c2197 (webtiles) character file.

Game seed: 9921084915567624194

116114 hairmachine the Impaler (level 16, -1/141 HPs)
             Began as a Merfolk Ice Elementalist on July 15, 2019.
             Was the Champion of Dithmenos.
             Slain by a naga warrior
             ... wielding a +0 trident
              (6 damage)
             ... on level 3 of the Snake Pit.
             The game lasted 03:35:52 (52005 turns).

hairmachine the Impaler (Merfolk Ice Elementalist) Turns: 52005, Time: 03:35:53

Health: -1/141     AC: 20    Str: 12    XL:     16   Next: 70%
Magic:  20/27      EV: 15    Int: 20    God:    Dithmenos [******]
Gold:   464        SH:  0    Dex: 20    Spells: 6/29 levels left

rFire    . . .     SeeInvis .   m - +6 bardiche of Leed {venom, rPois Dex+2}
rCold    . . .     Gourm    .   (shield currently unavailable)
rNeg     . . .     Faith    .   C - +1 ring mail of Pathos {*Drain rElec MR+ Regen+}
rPois    +         Spirit   .   v - +2 helmet {Int+3}
rElec    +         Reflect  .   i - +2 cloak {MR+}
rCorr    .         Harm     .   T - +2 pair of gloves {Str+3}
MR       +++..                  r - +2 pair of boots
Stlth    ++++++++..             (no amulet)
HPRegen  1.73/turn              j - ring of wizardry
MPRegen  0.20/turn              X - +3 ring of slaying

@: lethally poisoned (-1 -> -1), regenerating, wreathed by umbra, constricted
A: change form in water, swift swim, stealthy swim
a: Shadow Step, Shadow Form, Renounce Religion


You were on level 3 of the Snake Pit.
You worshipped Dithmenos.
Dithmenos was exalted by your worship.
You were not hungry.

You visited 5 branches of the dungeon, and saw 27 of its levels.
You visited the Abyss 1 time.
You also visited: Ossuary.

You collected 2379 gold pieces.
You spent 1915 gold pieces at shops.

Inventory:

Hand Weapons
 m - the +6 bardiche of Leed (weapon) {venom, rPois Dex+2}
   (You acquired it on level 9 of the Dungeon)

   It poisons the flesh of those it strikes.
   It affects your dexterity (+2).
   It protects you from poison.
Missiles
 l - 620 stones (quivered)
 A - 5 silver javelins
 G - 95 poisoned darts
 O - 4 curare-tipped darts
Armour
 i - a +2 cloak of magic resistance (worn)
 r - a +2 pair of boots (worn)
 v - a +2 helmet of intelligence (worn)
 y - +0 acid dragon scales
 C - the +1 ring mail of Pathos (worn) {*Drain rElec MR+ Regen+}
   (You bought it in a shop on level 7 of the Dungeon)

   It insulates you from electricity.
   It affects your resistance to hostile enchantments.
   It increases your rate of regeneration.
   It causes draining when unequipped.
 T - a +2 pair of gloves of strength (worn)
Magical Staves
 J - an uncursed staff of air
 V - an uncursed staff of cold
Jewellery
 j - a ring of wizardry (left hand)
 L - an uncursed ring of fire
 M - an uncursed ring of protection from cold
 X - a +3 ring of slaying (right hand)
Wands
 b - a wand of clouds (5)
 n - a wand of paralysis (12)
 w - a wand of iceblast (8)
 z - a wand of digging (11)
 F - a wand of acid (10)
 I - a wand of flame (26)
 P - a wand of polymorph (18)
Scrolls
 a - 2 scrolls of immolation
 e - 15 scrolls of teleportation
 f - 4 scrolls of identify
 g - 3 scrolls of fog {unknown}
 o - 11 scrolls of remove curse
 s - 6 scrolls of amnesia
 u - 2 scrolls of enchant weapon
 x - 3 scrolls of enchant armour
 H - a scroll of torment {unknown}
 K - a scroll of blinking {unknown}
 N - a scroll of silence {unknown}
 Q - a scroll of fear {unknown}
 R - 2 scrolls of magic mapping
Potions
 d - 4 potions of haste
 h - 10 potions of curing
 k - 2 potions of cancellation
 p - 7 potions of flight
 q - 5 potions of brilliance
 t - 5 potions of lignification
 B - 4 potions of might
 D - 2 potions of agility
 E - a potion of ambrosia
 U - a potion of mutation
 Y - a potion of resistance
Miscellaneous
 S - a crystal ball of energy
 Z - a box of beasts
Comestibles
 c - 22 rations
 W - 4 chunks of flesh


   Skills:
 + Level 17.4 Fighting
 + Level 18.6 Polearms
 + Level 5.1 Armour
 - Level 10.0 Dodging
 - Level 10.0 Stealth
 + Level 7.3 Spellcasting
 - Level 0.7 Conjurations
 - Level 2.0 Hexes
 - Level 4.0 Charms
 - Level 6.0 Summonings
 - Level 6.0 Ice Magic
 - Level 3.0 Air Magic
 + Level 9.3 Invocations
 - Level 4.0 Evocations


You had 6 spell levels left.
You knew the following spells:

 Your Spells              Type           Power        Failure   Level  Hunger
a - Freeze                Ice            ####         1%          1    None
b - Throw Frost           Conj/Ice       ###...       2%          2    None
c - Ozocubu's Armour      Chrm/Ice       ####....     2%          3    #......
d - Summon Ice Beast      Ice/Summ       ####....     6%          4    ###....
e - Summon Lightning Spi  Summ/Air       ####....     12%         4    ###....
f - Blink                 Tloc           N/A          12%         2    None
g - Apportation           Tloc           #.....       8%          1    None
h - Spectral Weapon       Hex/Chrm       ###.....     6%          3    #......
i - Regeneration          Chrm/Necr      ###.......   10%         3    #......

Your spell library contained the following spells:

 Spells                   Type           Power        Failure   Level  Hunger
 Infusion                 Chrm           ###.         1%          1    None
 Summon Butterflies       Summ           ####....     1%          1    None
 Summon Small Mammal      Summ           ####         1%          1    None
 Call Imp                 Summ           ####....     1%          2    None
 Call Canine Familiar     Summ           ####....     1%          3    #......
 Song of Slaying          Chrm           ###.....     2%          2    None
 Corona                   Hex            ###....      3%          1    None
 Shroud of Golubria       Chrm/Tloc      ###...       4%          2    None
 Slow                     Hex            ###.....     4%          2    None
 Summon Guardian Golem    Hex/Summ       ###.....     4%          3    #......
 Magic Dart               Conj           ##..         6%          1    None
 Tukima's Dance           Hex            ###.....     10%         3    #......
 Passwall                 Tmut/Erth      #.......     12%         2    None
 Mephitic Cloud           Conj/Pois/Air  ##......     14%         3    #......
 Inner Flame              Hex/Fire       ##......     16%         3    #......
 Portal Projectile        Hex/Tloc       ##....       16%         3    #......
 Conjure Flame            Conj/Fire      #.......     19%         3    #......
 Throw Icicle             Conj/Ice       ###.....     19%         4    ###....
 Lesser Beckoning         Tloc           #.........   22%         3    #......
 Spider Form              Tmut/Pois      #.........   22%         3    #......
 Cause Fear               Hex            ###.......   32%         4    ###....
 Leda's Liquefaction      Hex/Erth       ##........   43%         4    ###....
 Yara's Violent Unravell  Hex/Tmut       ##........   77%         5    #####..
 Alistair's Intoxication  Tmut/Pois      #.......     87%         5    #####..
 Blade Hands              Tmut           #.........   87%         5    #####..
 Invisibility             Hex            ###.....     99%         6    ######.


Dungeon Overview and Level Annotations

Branches:
Dungeon (15/15)            Temple (1/1) D:4            Lair (6/6) D:8
 Shoals (0/4) Lair:2        Snake (3/4) Lair:4        Slime (0/5) Lair:6
    Orc (2/2) D:11            Elf (0/3) Orc:2        Vaults (0/5) D:14
 Depths (0/5) D:15

Altars:
Ashenzari
Dithmenos
Fedhas
Gozag
Hepliaklqana
Kikubaaqudgha
Nemelex Xobeh
Okawaru
Ru
Trog
Vehumet
Xom
Zin
Beogh

Shops:
D:4 *   D:5 :   D:7 *   D:8 *   D:11 [   D:13 :   D:14 **   Orc:1 *
Orc:2 ([([   Snake:1 %

Annotations:
D:4 exclusion: downstairs
D:13 3 runed translucent doors, Kifairre's ghost, journeyman OgGl
D:15 3 runed translucent doors, exclusion: fire giant, nht's ghost, adept MiHu
Lair:2 3 runed translucent doors, Protee's ghost, journeyman GnSk
Snake:3 Bai Suzhen


Message History

The naga warrior constricts you.
Casting: Spectral Weapon (safe; 6% risk of failure)
Confirm with . or Enter, or press ? or * to list all spells.
Your skin crawls.
The naga warrior hits you with a +0 trident.
* * * LOW HITPOINT WARNING * * *
You emit a cloud of dark smoke.
The naga warrior constricts you.
Casting: Regeneration (safe; 10% risk of failure)
Confirm with . or Enter, or press ? or * to list all spells.
You draw out your weapon's spirit!
You feel sick. The naga warrior closely misses you.
* * * LOW HITPOINT WARNING * * *
You emit a cloud of dark smoke.
The naga warrior constricts you.
You closely miss the naga warrior.
The naga warrior is almost dead.
Your spectral weapon barely misses the naga warrior.
The naga warrior hits you with a +0 trident!!
* * * LOW HITPOINT WARNING * * *
You emit a cloud of dark smoke.
You die...

#...(...#...##..<.........
#......#.....#...#........ ..
##.............(..#........ ...
#..................#..##...
....#...............##.....#...
...........##.......##.....##..
...........#..(##...........##.
........#....)§N§#.....###.......
.......#......§§@§..#...##.......
♣.....####....§§§§.##............
.......##...##§§§§##......###....
............##)...##.......#.....
....##......)(........#..........
.....###.....(.†......#.....##...
......##.)..(........##...###....
...##.......#...)....##...#......
....##.....###.<....##...........


You could see a naga warrior and a friendly spectral +6 bardiche of Leed {venom,
rPois Dex+2}.

Vanquished Creatures
  A nagaraja (Snake:3)
  An orc warlord (Orc:2)
  Snorg (D:13)
  An ettin (Orc:2)
  A fire dragon (D:14)
  5 naga warriors
  Erolcha (D:9)
  3 vault guards
  2 hydras
  3 centaur warriors
  2 tengu warriors
  A catoblepas (Lair:5)
  2 ogre magi
  5 anacondas
  12 two-headed ogres
  6 orc high priests
  2 shock serpents
  4 naga sharpshooters
  A salamander mystic (Snake:1)
  2 unseen horrors
  2 wizards
  2 naga ritualists
  8 orc knights
  5 large abominations (D:10)
  Pikel (D:7)
  5 mana vipers
  4 orc sorcerers (Orc:2)
  A deep elf mage (D:13)
  A wolf spider (Lair:6)
  6 ugly things
  A cyclops (D:12)
  8 salamanders
  2 manticores
  A merfolk siren (Lair:2)
  3 guardian serpents
  4 naga magi
  18 black mambas
  15 elephants
  3 gargoyles
  6 spiny frogs
  6 komodo dragons
  2 kobold demonologists
  3 rime drakes
  4 trolls
  A merfolk (Lair:2)
  3 meliai (D:15)
  6 slime creatures
  2 polar bears
  11 dream sheep
  7 blink frogs
  7 hippogriffs
  A meliai zombie (D:14)
  A centaur simulacrum (D:14)
  A spriggan (D:8)
  4 wraiths
  Grum (D:11)
  A water elemental (D:15)
  A wyvern (Lair:2)
  31 yaks
  4 basilisks
  7 humans (D:14)
  A steam dragon (D:12)
  2 hungry ghosts
  11 wargs
  3 vampire mosquitoes
  29 nagas
  7 small abominations (D:10)
  2 acid dragons (D:13)
  9 water moccasins
  5 porcupines
  An ice beast (D:4)
  4 sky beasts
  2 phantoms
  A black bear (Lair:5)
  48 orc warriors
  An eye of draining (D:13)
  21 ogres
  21 wolves
  14 centaurs
  8 crocodiles
  5 big kobolds
  13 bullfrogs
  A wyvern skeleton (D:14)
  12 scorpions
  10 killer bees
  14 wights
  3 electric eels
  9 crimson imps
  8 hounds
  A quasit (D:6)
  4 human zombies (Ossuary)
  15 jellies
  2 bullfrog zombies
  6 centaur zombies
  35 orc priests
  24 orc wizards
  8 centaur skeletons
  3 bullfrog skeletons
  5 iguanas
  11 worker ants
  A hound zombie (D:8)
  A hound skeleton (D:8)
  3 mummies (Ossuary)
  4 worker ant zombies
  19 adders
  3 gnolls (D:11)
  2 scorpion zombies (Ossuary)
  A shadow imp (D:12)
  5 oozes
  8 worms
  A dart slug (D:3)
  3 leopard geckos
  131 orcs
  10 bats
  6 giant cockroaches
  A gnoll zombie (Ossuary)
  8 goblins
  6 hobgoblins
  7 jackals
  25 kobolds
  6 quokkas
  3 ball pythons
  2 frilled lizards
  3 goblin zombies (Ossuary)
  A hobgoblin zombie (D:7)
  A jackal skeleton (D:4)
  2 kobold zombies (Ossuary)
  A leopard gecko skeleton (D:4)
  3 orc zombies (Ossuary)
  2 quokka zombies
  6 rats
  A bush (Lair:4)
911 creatures vanquished.

Vanquished Creatures (collateral kills)
  Josephine (Lair:4)
  2 hydras
  A two-headed ogre (D:9)
  Sonja (Lair:2)
  A wizard (D:11)
  3 elephants
  A torpor snail (Lair:4)
  3 black mambas
  3 spiny frogs
  A rime drake (Lair:3)
  2 komodo dragons
  A blink frog (Lair:3)
  A hippogriff (Lair:2)
  A wraith (Lair:3)
  2 yaks
  2 water moccasins
  4 orc warriors
  An ice beast (D:5)
  3 ogres
  4 wolves
  A crocodile (Lair:3)
  A centaur (D:6)
  3 killer bees (D:8)
  2 wights (D:6)
  A jelly (Lair:6)
  An orc priest (D:11)
  A worker ant (D:5)
  4 gnolls (D:6)
  An adder (D:6)
  An adder zombie (D:5)
  13 orcs
  A quokka (D:5)
68 creatures vanquished.

Vanquished Creatures (others)
  A human (D:14)
  A sky beast (D:8)
  2 scorpions (Ossuary)
  An adder (D:5)
  A hobgoblin zombie (Ossuary)
  A bush (Lair:2)
  18 fungi
  15 plants
  7 spectral weapons
47 creatures vanquished.

Grand Total: 1026 creatures vanquished

Notes
Turn   | Place    | Note
-------+----------+-------------------------------------------
     0 | D:1      | hairmachine the Merfolk Ice Elementalist began the quest
                  | for the Orb.
     0 | D:1      | Reached XP level 1. HP: 13/13 MP: 3/3
   276 | D:1      | Reached XP level 2. HP: 19/19 MP: 3/5
   280 | D:1      | Learned a level 2 spell: Throw Frost
   910 | D:2      | Reached XP level 3. HP: 24/24 MP: 2/6
  1183 | D:2      | Learned a level 3 spell: Ozocubu's Armour
  1797 | D:2      | Reached XP level 4. HP: 30/30 MP: 3/7
  1860 | D:2      | Reached skill level 5 in Ice Magic
  2756 | D:3      | Reached XP level 5. HP: 35/35 MP: 3/9
  2929 | D:3      | Learned a level 4 spell: Summon Ice Beast
  3336 | D:3      | Reached skill level 1 in Fighting
  3341 | D:3      | Reached skill level 1 in Summonings
  3583 | D:3      | Found a radiant altar of Vehumet.
  3586 | D:3      | Found a shadowy altar of Dithmenos.
  3598 | D:3      | Became a worshipper of Dithmenos the Shadowed
  3629 | D:3      | Reached XP level 6. HP: 43/43 MP: 7/10
  4676 | D:4      | Found Doxkuat's Elemental Accessories.
  4722 | D:4      | Reached XP level 7. HP: 37/52 MP: 4/11
  4879 | D:4      | Found a staircase to the Ecumenical Temple.
  4906 | Temple   | Entered the Ecumenical Temple
  4987 | D:4      | Found a sacrificial altar of Ru.
  5241 | D:4      | Found an opulent altar of Gozag.
  5552 | D:5      | Entered Level 5 of the Dungeon
  6004 | D:4      | Reached skill level 1 in Polearms
  6359 | D:4      | Reached * piety under Dithmenos
  6473 | D:5      | Reached skill level 2 in Polearms
  6631 | D:5      | Reached XP level 8. HP: 53/60 MP: 7/12
  6884 | D:5      | Reached skill level 5 in Dodging
  7246 | D:5      | Reached skill level 3 in Polearms
  7613 | D:5      | Found Amelip's Book Shoppe.
  7700 | D:5      | Found an ancient bone altar of Kikubaaqudgha.
  7869 | D:6      | Reached skill level 4 in Polearms
  7869 | D:6      | Reached skill level 5 in Stealth
  8129 | D:6      | Reached skill level 5 in Fighting
  8461 | D:6      | Reached skill level 1 in Charms
  8684 | D:6      | Found a sparkling altar of Nemelex Xobeh.
  8853 | D:6      | Reached skill level 5 in Polearms
  8931 | D:6      | Reached ** piety under Dithmenos
  8940 | D:6      | Found a glowing silver altar of Zin.
  8976 | D:6      | Reached XP level 9. HP: 68/68 MP: 10/13
  9042 | D:6      | Found a blossoming altar of Fedhas.
  9508 | D:6      | Reached skill level 6 in Polearms
  9856 | D:7      | Found a sand-covered staircase.
  9866 | Ossuary  | Entered an ossuary
 10154 | Ossuary  | Reached skill level 7 in Polearms
 11111 | D:7      | Reached *** piety under Dithmenos
 11153 | D:7      | Reached skill level 8 in Polearms
 11257 | D:7      | Found a shattered altar of Ashenzari.
 11346 | D:7      | Got a dazzling rapier
 11355 | D:7      | Identified the +6 rapier of Qegien {holy, Dex+7} (You found
                  | it on level 7 of the Dungeon)
 11599 | D:7      | Found Upnuohic's General Store.
 11670 | D:7      | Noticed Pikel
 11691 | D:7      | Killed Pikel
 11873 | D:7      | Found a shimmering altar of Xom.
 11939 | D:8      | Reached skill level 9 in Polearms
 11998 | D:8      | Found Mamaxt's General Store.
 12075 | D:8      | Bought 17 poisoned darts for 88 gold pieces
 12157 | D:5      | Bought a book of Callings for 420 gold pieces
 12162 | D:5      | Learned a level 4 spell: Summon Lightning Spire
 12378 | D:8      | Found a staircase to the Lair.
 12394 | D:8      | Reached XP level 10. HP: 73/80 MP: 14/14
 12513 | D:8      | Found an iron altar of Okawaru.
 12656 | D:8      | Reached skill level 1 in Air Magic
 14158 | D:9      | Reached skill level 10 in Polearms
 14231 | D:8      | Reached **** piety under Dithmenos
 14231 | D:8      | Reached skill level 5 in Summonings
 14588 | D:9      | Noticed a two-headed ogre
 14877 | D:9      | Noticed Erolcha
 15229 | Lair:1   | Entered Level 1 of the Lair of Beasts
 15229 | Lair:1   | Noticed a spiny frog
 15239 | Lair:1   | Killed a spiny frog
 15818 | Lair:1   | Noticed a spiny frog
 15832 | Lair:1   | Killed a spiny frog
 15832 | Lair:1   | Reached skill level 11 in Polearms
 16107 | Lair:1   | Reached skill level 1 in Invocations
 16107 | Lair:1   | Reached XP level 11. HP: 47/89 MP: 17/17
 16315 | Lair:1   | Reached skill level 1 in Evocations
 17575 | Lair:2   | Found a runed translucent gate.
 17575 | Lair:2   | Found a runed translucent gate.
 17575 | Lair:2   | Found a runed translucent gate.
 17575 | Lair:2   | Noticed a nine-headed hydra
 17575 | Lair:2   | Noticed Protee's ghost (journeyman GnSk)
 17672 | Lair:2   | Noticed an 11-headed hydra
 18572 | Lair:2   | Reached skill level 10 in Fighting
 18638 | Lair:2   | Found a staircase to the Shoals.
 18924 | Lair:2   | Noticed Sonja
 18929 | Lair:2   | Killed Sonja
 19059 | Lair:2   | Reached skill level 12 in Polearms
 21841 | Lair:4   | Noticed a seven-headed hydra
 21853 | Lair:4   | Killed a seven-headed hydra
 21853 | Lair:4   | Reached skill level 13 in Polearms
 21853 | Lair:4   | Reached XP level 12. HP: 86/100 MP: 6/18
 22435 | Lair:4   | Noticed an eight-headed hydra
 22452 | Lair:4   | Killed an eight-headed hydra
 23947 | Lair:4   | Found a staircase to the Snake Pit.
 24417 | Lair:4   | Noticed Josephine
 24970 | Lair:4   | Killed Josephine
 24970 | Lair:4   | Reached skill level 14 in Polearms
 27054 | Lair:5   | Noticed a catoblepas
 27088 | Lair:5   | Killed a catoblepas
 27531 | Lair:6   | Entered Level 6 of the Lair of Beasts
 27674 | Lair:5   | Reached XP level 13. HP: 81/109 MP: 19/19
 27682 | Lair:5   | Reached skill level 10 in Dodging
 30546 | Lair:6   | Noticed a dire elephant
 31073 | Lair:6   | Found a staircase to the Slime Pits.
 32513 | D:9      | Reached ***** piety under Dithmenos
 32668 | D:9      | Learned a level 2 spell: Blink
 32798 | D:7      | Bought the +1 ring mail of Pathos {*Drain rElec MR+ Regen+}
                  | for 299 gold pieces
 32918 | D:9      | Killed Erolcha
 33024 | D:9      | Identified a scroll of acquirement
 33026 | D:9      | Got a smoking bardiche
 33027 | D:9      | Identified the +6 bardiche of Leed {venom, rPois Dex+2}
                  | (You acquired it on level 9 of the Dungeon)
 33385 | D:10     | Entered Level 10 of the Dungeon
 33844 | D:10     | Got a fine lajatang
 33846 | D:10     | Identified the +10 lajatang of Demand {distort, rPois Int-3
                  | SInv} (You acquired it on level 10 of the Dungeon)
 33847 | D:10     | Cast into level 3 of the Abyss (a distortion unwield)
 33892 | D:10     | Escaped the Abyss
 34065 | D:10     | Learned a level 1 spell: Apportation
 34365 | D:10     | Reached skill level 5 in Spellcasting
 34396 | D:10     | Reached skill level 15 in Fighting
 34946 | D:11     | Reached XP level 14. HP: 123/123 MP: 21/21
 35313 | D:11     | Noticed Grum
 35325 | D:11     | Killed Grum
 35369 | D:11     | Found a roughly hewn altar of Beogh.
 35668 | D:11     | Reached skill level 15 in Polearms
 35838 | D:11     | Found a staircase to the Orcish Mines.
 35882 | D:11     | Found Ceirapre's Armour Shop.
 36479 | Orc:1    | Entered Level 1 of the Orcish Mines
 36706 | Orc:2    | Entered Level 2 of the Orcish Mines
 36728 | Orc:1    | Reached ****** piety under Dithmenos
 37836 | D:5      | Bought a book of Battle for 560 gold pieces
 37840 | D:5      | Learned a level 3 spell: Spectral Weapon
 37844 | D:5      | Learned a level 3 spell: Regeneration
 38239 | Orc:1    | Found Nezedos's Assorted Antiques.
 38289 | Orc:1    | Reached skill level 10 in Stealth
 38294 | Orc:1    | Reached skill level 1 in Hexes
 38439 | Orc:1    | Reached skill level 5 in Invocations
 39514 | Orc:2    | Found a staircase to the Elven Halls.
 39656 | Orc:2    | Got a twisted dagger
 39657 | Orc:2    | Identified the +4 dagger "Gewkad" {pierce, rC- Str+4 Dex+4
                  | Stlth+} (You found it on level 2 of the Orcish Mines)
 39885 | Orc:2    | Found Fugait's Weapon Shoppe.
 39927 | Orc:2    | Found Jimausas's Armour Emporium.
 39936 | Orc:2    | Bought a +1 helmet of intelligence for 181 gold pieces
 39977 | Orc:2    | Found a roughly hewn altar of Beogh.
 40230 | Orc:2    | Reached skill level 16 in Polearms
 40232 | Orc:2    | Paralysed by an orc sorcerer for 4 turns
 40698 | Orc:2    | Noticed an orc warlord
 40742 | Orc:2    | Killed an orc warlord
 41230 | Orc:2    | Found Ygolonyt's Armour Shop.
 41540 | Orc:2    | Found a roughly hewn altar of Beogh.
 41584 | Orc:2    | Found Toykle's Antique Weapon Shoppe.
 41873 | Orc:2    | Reached XP level 15. HP: 131/131 MP: 20/24
 42297 | D:11     | Bought a +2 pair of gloves of strength for 322 gold pieces
 42884 | D:12     | Found a shadowy altar of Dithmenos.
 43641 | D:13     | Found a shattered altar of Ashenzari.
 43753 | D:13     | Reached skill level 1 in Armour
 44071 | D:13     | Found a runed translucent gate.
 44072 | D:13     | Found a runed translucent gate.
 44073 | D:13     | Found a runed translucent gate.
 44184 | D:13     | Noticed Snorg
 44198 | D:13     | Killed Snorg
 44451 | D:13     | Found Muskuosch's Book Shoppe.
 44484 | D:13     | Noticed Kifairre's ghost (journeyman OgGl)
 44959 | D:14     | Found Hinywai's General Store.
 45075 | D:14     | Reached skill level 17 in Polearms
 45568 | D:14     | Bought a potion of curing for 45 gold pieces
 45887 | D:14     | Found Xitiarph's Assorted Antiques.
 46595 | D:14     | Found a gate to the Vaults.
 46720 | D:15     | Entered Level 15 of the Dungeon
 46907 | D:15     | Found a staircase to the Depths.
 46907 | D:15     | Noticed a fire giant
 47885 | D:15     | Found a runed translucent gate.
 47886 | D:15     | Found a runed translucent gate.
 47887 | D:15     | Found a runed translucent gate.
 47888 | D:15     | Noticed nht's ghost (adept MiHu)
 48422 | Snake:1  | Entered Level 1 of the Snake Pit
 48423 | Snake:1  | Reached skill level 18 in Polearms
 48476 | Snake:1  | Found Qoepauq's Food Shop.
 48493 | Snake:1  | Reached XP level 16. HP: 141/141 MP: 25/25
 51178 | Snake:3  | Noticed a nagaraja
 51405 | Snake:3  | Killed a nagaraja
 51433 | Snake:3  | Reached skill level 5 in Armour
 51661 | Snake:3  | Noticed Bai Suzhen
 51711 | Snake:3  | Identified the Collected Works on Ashen Shape Shifting
 52005 | Snake:3  | HP: 5/141 [naga warrior/+0 trident (19)]
 52005 | Snake:3  | Slain by a naga warrior

Levels and vault maps discovered:
D:1:      mrwooster_arrival_statue_3, layout_basic
D:2:      layout_loops_cross
D:3:      layout_rooms, gammafunk_temple_overflow_statue, saegor_snake_ambush
D:4:      layout_loops_cross, lemuel_doored_altar, nicolae_ru_awakened_eye,
          minmay_temple_entry_tees, nicolae_elemental_shop, corexii_checkpoint_b
D:5:      cheibrodos_helix_gallery, layout_loops_cross, kennysheep_little_box,
          serial_shops, kennysheep_mini_moat, first_ration
D:6:      layout_basic, zin_treasury, fedhas_ov_isle_minmay,
          chequers_serial_rivers_small_3, grunt_ministairs_4,
          nemelex_xobeh_ov_fountains_minmay
D:7:      layout_basic, kennysheep_mini, lemuel_round_altar, enter_ossuary_3,
          serial_shops, nicolae_shop_crystal, uniq_pikel
D:8:      layout_basic, old_standard_altar, lair_entry_dummy, serial_shops,
          shop_coins, grunt_pizzeria, lightli_minifort
D:9:      layout_cave_pools, uniq_erolcha
D:10:     layout_loops_ring, nrook_mini_backslash, minivault_26, laboratory
D:11:     layout_roguey, orc_david_3, portal_ice_cave_rime, special_room
          [special_room_orc], uniq_grum
D:12:     layout_irregular_city, nicolae_dithmenos_through_a_glass_darkly
D:13:     layout_layer_cave, serial_shops, shop, maelrawn_ghost_gauntlet_escape,
          nicolae_ashenzari_panopticon, uniq_snorg
D:14:     layout_cave_pools, ximxim_vaults_locker_room, serial_shops, shop,
          nicolae_shop_crystal
D:15:     grunt_enter_depths_giant_problem, layout_small_grid,
          serial_bayou_lagoon_a, gammafunk_ghost_spectres
Temple:   hc_temple_tempest_star
Lair:1:   layout_layer_cave, gauntlet_entry_generic
Lair:2:   layout_roguey, elwin_shoals_entry_rooms, gammafunk_ghost_hydra_chop,
          serial_bayou_ford_a, uniq_sonja
Lair:3:   layout_long_grid, grunt_megastairs_2
Lair:4:   layout_long_grid, guppyfry_snake_entry_garden, uniq_josephine
Lair:5:   layout_regular_city, minivault_26, infiniplex_staircase_pool,
          wad_woods_river_01
Lair:6:   hangedman_lair_in_review, layout_long_grid,
          minmay_slime_entry_jelly_boxes, chequers_serial_rivers_micro_e,
          chequers_serial_rivers_micro_b
Snake:1:  layout_misc_corridors, serial_shops, nicolae_shop_behind_doors,
          grunt_ministairs_1
Snake:2:  layout_misc_corridors, drop_trap
Snake:3:  layout_onion, serial_bayou_pond_a, grunt_ministairs_7,
          uniq_bai_suzhen, uniq_azrael
Orc:1:    layout_caves, guppyfry_orc_lava_fort
Orc:2:    pubby_orc_utopia

Skill      XL: |  1  2  3  4  5  6  7  8  9 10 11 12 13 14 15 16 |
---------------+-------------------------------------------------+-----
Ice Magic      | 4 5 6 |  6.0
Spellcasting   | 3 4 5 6 7 |  7.3
Fighting       | 1 3 4 5 8 9 11 12 15 16 17 | 17.4
Summonings     | 1 2 3 4 6 |  6.0
Dodging        | 3 4 6 9 10 | 10.0
Stealth        | 4 5 8 9 10 | 10.0
Polearms       | 2 5 9 11 13 14 16 18 | 18.6
Charms         | 2 4 |  4.0
Air Magic      | 3 |  3.0
Invocations    | 1 4 7 8 9 |  9.3
Evocations     | 4 |  4.0
Hexes          | 2 |  2.0
Armour         | 4 5 |  5.1
Conjurations   | |  0.7

Action                   |  1- 3 |  4- 6 |  7- 9 | 10-12 | 13-15 | 16-18 || total
-------------------------+-------+-------+-------+-------+-------+-------++-------
Melee: Unarmed           |    10 |       |       |       |       |       ||    10
       Spear             |       |       |    53 |       |       |       ||    53
       Trident           |       |       |   432 |  1043 |   390 |       ||  1865
       Rapier            |       |       |     8 |    47 |       |       ||    55
       Tailslap          |       |       |       |     5 |       |       ||     5
       Bardiche          |       |       |       |       |  1093 |   287 ||  1380
       Halberd           |       |       |       |       |   106 |       ||   106
 Fire: Hunting sling     |       |   100 |    97 |    21 |       |       ||   218
Throw: Stone             |    20 |     3 |    12 |    51 |   142 |    30 ||   258
       Dart              |       |       |       |    12 |       |       ||    12
 Cast: Freeze            |    61 |    91 |    80 |     7 |     1 |       ||   240
       Throw Frost       |     5 |     5 |     9 |    13 |     3 |       ||    35
       Ozocubu's Armour  |       |     3 |     1 |     4 |     6 |       ||    14
       Summon Ice Beast  |       |       |    28 |    54 |    35 |     7 ||   124
       Summon Lightning  |       |       |       |    27 |    34 |     1 ||    62
       Spectral Weapon   |       |       |       |       |    13 |    12 ||    25
       Regeneration      |       |       |       |       |     2 |     5 ||     7
       Apportation       |       |       |       |       |     2 |       ||     2
Evoke: Wand              |       |       |       |     9 |     5 |     1 ||    15
  Use: Scroll            |     1 |     3 |    10 |     8 |    18 |       ||    40
       Potion            |       |       |       |     1 |     4 |     2 ||     7
 Stab: Sleeping          |       |       |    11 |    10 |    40 |     7 ||    68
       Distracted        |       |       |     2 |     7 |    15 |     1 ||    25
  Eat: Chunk             |     4 |    10 |    12 |    54 |    65 |     2 ||   147
       Ration            |       |       |     6 |     3 |     5 |     3 ||    17
Armor: Robe              |    20 |    27 |    82 |   143 |   189 |       ||   461
       Acid dragon scale |       |       |       |       |   107 |       ||   107
       Steam dragon scal |       |       |       |       |    12 |       ||    12
       Ring mail         |       |       |       |       |     2 |    90 ||    92
Dodge: Dodged            |    40 |    66 |   387 |   633 |  1431 |   233 ||  2790

Table legend:
 A = Non-vault XP
 B = Vault XP
 C = Vault XP percentage of total XP
 D = Non-vault monster count
 E = Vault monster count
 F = Vault count percentage of total count
                 A         B        C        D         E       F
            +---------+---------+-------+---------+---------+-------
      Total |  117567 |   48311 |  29.1 |     670 |     310 |  31.6
            +---------+---------+-------+---------+---------+-------
        D:1 |      29 |       0 |   0.0 |      16 |       0 |   0.0
        D:2 |     130 |       0 |   0.0 |      30 |       0 |   0.0
        D:3 |     153 |      16 |   9.5 |      21 |       3 |  12.5
        D:4 |     608 |       4 |   0.7 |      28 |       2 |   6.7
        D:5 |     758 |       5 |   0.7 |      25 |       2 |   7.4
        D:6 |    1054 |       6 |   0.6 |      26 |       1 |   3.7
        D:7 |     189 |     408 |  68.3 |       6 |       2 |  25.0
        D:8 |    3336 |     394 |  10.6 |      51 |       5 |   8.9
        D:9 |    1717 |     999 |  36.8 |      22 |       1 |   4.3
       D:10 |    2912 |    4064 |  58.3 |      25 |      13 |  34.2
       D:11 |    5158 |    2684 |  34.2 |      44 |      39 |  47.0
       D:12 |    3280 |       0 |   0.0 |      26 |       0 |   0.0
       D:13 |    7410 |    2054 |  21.7 |      36 |       2 |   5.3
       D:14 |   10137 |    3138 |  23.6 |      35 |       9 |  20.5
       D:15 |   13194 |       0 |   0.0 |      27 |       0 |   0.0
     Lair:1 |    1793 |       0 |   0.0 |       9 |       0 |   0.0
     Lair:2 |    2859 |    1189 |  29.4 |      22 |       3 |  12.0
     Lair:3 |    4127 |     551 |  11.8 |      20 |       4 |  16.7
     Lair:4 |   10375 |    2437 |  19.0 |      36 |       7 |  16.3
     Lair:5 |    4867 |     694 |  12.5 |      17 |       5 |  22.7
     Lair:6 |    7827 |    3331 |  29.9 |      31 |      22 |  41.5
    Snake:1 |   15378 |       0 |   0.0 |      32 |       0 |   0.0
    Snake:2 |   10295 |       0 |   0.0 |      25 |       0 |   0.0
    Snake:3 |    8178 |    1327 |  14.0 |      17 |       2 |  10.5
      Orc:1 |    1318 |    5285 |  80.0 |      33 |      17 |  34.0
      Orc:2 |     485 |   18873 |  97.5 |      10 |     142 |  93.4
    Ossuary |       0 |     852 | 100.0 |       0 |      29 | 100.0
            +---------+---------+-------+---------+---------+-------
